[Event "Late-Titled-Tuesday-Blitz-February-13-2024"]
[Site "Chess.com"]
[Date "2024.02.13"]
[Round "2"]
[White "gahryman"]
[Black "BozeKat"]
[Result "1-0"]
[WhiteElo "2690"]
[BlackElo "2027"]
[TimeControl "180+1"]
[EndTime "14:16:50 PST"]
[Termination "gahryman won on time"]

1. e4 c6 2. d4 d5 3. e5 Bf5 4.
Nf3 e6 5. c3 c5 6. dxc5 Bxc5 7.
Nd4 Bg6 8. Be3 Nd7 9. Bb5 a6 10. Nxe6 fxe6 11. Bxd7+ Qxd7 12. Bxc5 Qb5 13. Ba3 Nh6 14. Nd2 O-O-O 15. Nf3 Kb8 16. Nd4 Qd7 17. Bd6+ Ka8 18. a4 Nf7 19. Nb5 Be4 20. Qd4 b6 21. Qxb6 Nxd6 22. Qxa6+ Kb8 23. exd6 Bxg2 24. Rg1 Bf3 25.
Qb6+ Qb7 26. Qc7+ Ka8 27. Rxg7 Qxc7 28. dxc7 Rc8 29. Nd6 Rhg8 30. Rxg8 Rxg8 31. c8=Q+ Rxc8 32. Nxc8 Kb7 33. Nd6+ 1-0

[Event "Late-Titled-Tuesday-Blitz-February-13-2024"]
[Site "Chess.com"]
[Date "2024.02.13"]
[Round "2"]
[White "Hikaru"]
[Black "PepeCuenca"]
[Result "1-0"]
[WhiteElo "3333"]
[BlackElo "2689"]
[TimeControl "180+1"]
[EndTime "14:16:52 PST"]
[Termination "Hikaru won by checkmate"]

1. Nf3 d5 2. e3 Nf6 3. c4 e6 4.
b3 Bd6 5. Bb2 O-O 6. d4 b6 7.
cxd5 exd5 8. Nc3 Bb7 9. a3 a6 10. b4 Nbd7 11. b5 axb5 12. Nxb5 Be7 13. Bd3 Ne4 14.
Qc2 Rc8 15. O-O h6 16. Na7 Ra8 17. Nc6 Bxc6 18. Qxc6 Ndf6 19. a4 Bd6 20. Ba3 Bxa3 21. Rxa3 Qd6 22. Qc1 c5 23. dxc5 bxc5 24. Rd1 Qb6 25.
Bxe4 dxe4 26. Ne5 Qb4 27. Qa1 Ra6 28. Rb1 Qa5 29. Nc4 Qc7 30. h3 Nd5 31. Rd1 Nb4 32. Qb1 Nd3 33. a5 Qc6 34. Rb3 Qe6 35.
Qc2 Nb4 36. Qc3 Na2 37. Qc2 Nb4 38. Qe2 Nd3 39. Rc3 Rb8 40. Qc2 Rb4 41. Ra1 f5 42. Qa2 Kh7 43. h4 Ne5 44. Nd2 Qxa2 45. Rxa2 Nd3 46.
h5 Kg8 47. f3 Ne5 48. fxe4 fxe4 49. Rxc5 Nd3 50. Rf5 Kh7 51. Kh2 Nc1 52. Rc2 Nd3 53. Rc8 g6 54. Rf7# 1-0

[Event "Late-Titled-Tuesday-Blitz-February-13-2024"]
[Site "Chess.com"]
[Date "2024.02.13"]
[Round "2"]
[White "AlexeiShirov"]
[Black "Pelopidass"]
[Result "1-0"]
[WhiteElo "2867"]
[BlackElo "2565"]
[TimeControl "180+1"]
[EndTime "14:16:53 PST"]
[Termination "AlexeiShirov won on time"]

1. e4 e6 2. d4 d5 3. e5 c5 4. c3 Ne7 5. Nf3 Nec6 6. Bd3 b6 7. O-O Ba6 8. Bxa6 Nxa6 9. Ng5 Be7 10. Qh5 Bxg5 11. Bxg5 Qd7 12. Rd1 cxd4 13. cxd4 Rc8 14. Nc3 Na5 15. Rd3 Nc4 16. b3 Na3 17. Bh4 Nb4 18.
Rg3 h6 19. Rd1 g6 20. Qe2 g5 21. Qh5 gxh4 22. Qxh4 Qe7 23. Qh5 Kd7 24. Ne2 Rc2 25.
Rg7 Rf8 26. Nf4 Nxa2 27. Ng6 fxg6 28. Rxe7+ Kxe7 29. Qxh6 Rfxf2 30. Qxg6 Nc3 31. Ra1 Ne2+ 32. Kxf2 Nf4+ 33. Qxc2 Nxc2 34. Rxa7+ Ke8 35. h4 1-0

[Event "Late-Titled-Tuesday-Blitz-February-13-2024"]
[Site "Chess.com"]
[Date "2024.02.13"]
[Round "2"]
[White "KaydenTroffChess"]
[Black "Galileo22"]
[Result "0-1"]
[WhiteElo "2843"]
[BlackElo "2571"]
[TimeControl "180+1"]
[EndTime "14:16:53 PST"]
[Termination "Galileo22 won by checkmate"]

1. d4 d5 2. Nf3 Nf6 3. Bf4 c5 4. e3 cxd4 5. Qxd4 a6 6. Ne5 e6 7.
Nc3 Nc6 8. Qa4 Qb6 9. Nb5 Bd7 10. Nxd7 Kxd7 11. Bd3 axb5 12. Qb3 b4 13. O-O Be7 14. c4 dxc4 15. Bxc4 Rhd8 16. e4 Ke8 17. e5 Nd5 18. Bxd5 Rxd5 19. Qh3 h6 20. Qg4 Bf8 21. Be3 Nxe5 22. Qe4 Qb5 23. f4 Nc6 24. Kh1 Qd3 25.
Qf3 Rad8 26. Rae1 Qa6 27. Qg4 Ne7 28. Bf2 Nf5 29. Qf3 Qd3 30. Qg4 h5 31. Qxh5 Ng3+ 32.
Bxg3 Rxh5 33. Kg1 Bc5+ 34. Kh1 Qxg3 35. h3 Rxh3+ 36. gxh3 Qxh3# 0-1

[Event "Late-Titled-Tuesday-Blitz-February-13-2024"]
[Site "Chess.com"]
[Date "2024.02.13"]
[Round "2"]
[White "Teidi96"]
[Black "koncheto"]
[Result "1-0"]
[WhiteElo "2275"]
[BlackElo "2493"]
[TimeControl "180+1"]
[EndTime "14:16:53 PST"]
[Termination "Teidi96 won by resignation"]

1. e4 e5 2. Nf3 Nf6 3. d4 Nxe4 4. Bd3 d5 5. Nxe5 Bd6 6. O-O O-O 7. Re1 Nf6 8. Bg5 h6 9. Bh4 Nbd7 10. Nxd7 Bxd7 11. Qf3 c6 12. Bxf6 Qxf6 13. Qxf6 gxf6 14. Nd2 Rfe8 15.
g3 b6 16. c3 c5 17. dxc5 bxc5 18. b3 a5 19. c4 Be5 20. Rad1 Bc6 21. cxd5 Bxd5 22.
Be4 Rad8 23. Bxd5 Rxd5 24. Nc4 Rxd1 25. Rxd1 Ra8 26. Nxe5 fxe5 27. Rd5 a4 28. Rxc5 axb3 29. axb3 Ra1+ 30. Kg2 Rb1 31. Rc3 Kg7 32. Kf3 Rb2 33. h4 Kg6 34. Ke3 h5 35. Ke4 f6 36. Rf3 Re2+ 37.
Kd3 Rb2 38. Kc3 Rb1 39. b4 Kf7 40. Kc4 Ke6 41. Kc5 Rc1+ 42. Kb6 Kd5 43. Rxf6 e4 44. b5 Ke5 45. Rc6 Rf1 46. Rc2 Kd4 47. Kc7 Kd3 48. Ra2 Rc1+ 49. Kb7 Rc5 50. b6 Rc2 51. Rxc2 Kxc2 52. Kc6 Kd3 53. b7 e3 54. fxe3 1-0

[Event "Late-Titled-Tuesday-Blitz-February-13-2024"]
[Site "Chess.com"]
[Date "2024.02.13"]
[Round "2"]
[White "abeljusto"]
[Black "claudyna16"]
[Result "0-1"]
[WhiteElo "2088"]
[BlackElo "2435"]
[TimeControl "180+1"]
[EndTime "14:16:53 PST"]
[Termination "claudyna16 won by resignation"]

1. d4 Nf6 2. Bf4 g6 3. Nc3 Bg7 4. e4 d6 5. Qd2 h6 6. h4 a6 7. O-O-O b5 8. f3 Nh5 9. Bh2 O-O 10. g4 Nf6 11. Bf4 Kh7 12. Nh3 Nfd7 13. h5 g5 14.
Bxg5 hxg5 15. h6 Bf6 16. Bd3 e5 17. Nd5 Rg8 18. dxe5 Nxe5 19. Rdf1 Kh8 20. Kb1 c6 21.
Nxf6 Qxf6 22. f4 Nxd3 23. cxd3 Bxg4 24. Nxg5 Nd7 25. h7 Rg7 26. Rh4 Be6 27. Rfh1 Nc5 28.
Rh6 Qd4 29. f5 Bc4 30. f6 Qxd3+ 31. Qxd3 Bxd3+ 32. Ka1 Rxg5 0-1

[Event "Late-Titled-Tuesday-Blitz-February-13-2024"]
[Site "Chess.com"]
[Date "2024.02.13"]
[Round "2"]
[White "Rinqed222"]
[Black "Kombinator01"]
[Result "0-1"]
[WhiteElo "2206"]
[BlackElo "2493"]
[TimeControl "180+1"]
[EndTime "14:16:55 PST"]
[Termination "Kombinator01 won on time"]

1. e4 e5 2. Nf3 Nc6 3. Bc4 Nf6 4. d4 exd4 5. e5 d5 6. Bb5 Ne4 7. Nxd4 Bc5 8. Be3 Bd7 9. Bxc6 bxc6 10. O-O O-O 11.
f3 Ng5 12. f4 Ne4 13. Nd2 Nxd2 14. Qxd2 Rb8 15. Nb3 Bxe3+ 16. Qxe3 Bf5 17. c3 a5 18. Rf2 a4 19. Nc5 a3 20. b4 d4 21.
Qd2 dxc3 22. Qxc3 Qh4 23. Rd1 Rfd8 24. Rfd2 Rxd2 25. Qxd2 h6 26. g3 Qg4 27. Kf2 Rxb4 28. Qxb4 Qxd1 29. Qxa3 Qc2+ 30. Ke3 Qxh2 31. Kd4 Qd2+ 32.
Nd3 Bxd3 33. Qxd3 Qxa2 34. Qf5 Qd5+ 35. Ke3 Qe6 36. Qd3 Qe7 37. Qc4 c5 38. Qd5 g6 39. g4 Kg7 40. f5 Qg5+ 41. Kf3 gxf5 0-1

[Event "Late-Titled-Tuesday-Blitz-February-13-2024"]
[Site "Chess.com"]
[Date "2024.02.13"]
[Round "2"]
[White "combidharma"]
[Black "MeisterJabo"]
[Result "0-1"]
[WhiteElo "2703"]
[BlackElo "2391"]
[TimeControl "180+1"]
[EndTime "14:16:57 PST"]
[Termination "MeisterJabo won by resignation"]

1. d4 Nf6 2. Bg5 e6 3. Nd2 d5 4. e3 Be7 5. Bd3 h6 6. Bxf6 Bxf6 7. f4 c5 8. c3 cxd4 9. cxd4 Nc6 10. Ngf3 O-O 11.
O-O Nb4 12. Bb1 b6 13. a3 Nc6 14. Ne5 Nxe5 15. fxe5 Bg5 16. Rf3 f5 17. exf6 Rxf6 18. Qc2 Rxf3 19. Nxf3 Bxe3+ 20. Kh1 Qf6 21. Qh7+ Kf7 22. Bd3 Ke7 23. Ne5 Bxd4 24. Nc6+ Kd6 25. Rf1 Kxc6 26. Rxf6 Bxf6 27. Qg8 Kc7 28. Qe8 a6 29. b4 Rb8 30. b5 Bd7 31. Qf7 axb5 32. Bxb5 Rd8 33. Bxd7 Rxd7 34. Qxe6 Re7 0-1

[Event "Late-Titled-Tuesday-Blitz-February-13-2024"]
[Site "Chess.com"]
[Date "2024.02.13"]
[Round "2"]
[White "VladimirBugayev"]
[Black "cthake"]
[Result "1-0"]
[WhiteElo "2399"]
[BlackElo "1805"]
[TimeControl "180+1"]
[EndTime "14:16:57 PST"]
[Termination "VladimirBugayev won by resignation"]

1. e4 c5 2. Nc3 a6 3. g3 d6 4. Bg2 Nc6 5. d3 g6 6. h4 Bg7 7. h5 Nf6 8. h6 Bf8 9. f3 Nd4 10.
g4 Bd7 11. g5 Nh5 12. Nce2 Nxe2 13. Nxe2 e5 14. c3 b5 15. Be3 Be7 16. Qd2 Rb8 17. d4 cxd4 18. cxd4 Rf8 19. dxe5 dxe5 20. Kf2 f5 21. exf5 Bxf5 22. Qxd8+ Rxd8 23. Rhd1 Kf7 24. Nc3 Be6 25. Ne4 Nf4 26. Bxf4 exf4 27. b3 Bf5 28. Rxd8 Rxd8 29. Rc1 Bxe4 30. fxe4 Bxg5 31. Rc7+ Be7 32. Ke2 g5 33. Bh3 Rd4 34. Bf5 g4 35. Bxh7 f3+ 36. Ke3 f2 37. Kxf2 Rd2+ 38. Ke3 Rxa2 39. Bf5 g3 40. h7 Rh2 41. Kf3 g2 42. Kf2 Kf6 43.
Kg1 Bd8 44. Rc6+ 1-0

[Event "Late-Titled-Tuesday-Blitz-February-13-2024"]
[Site "Chess.com"]
[Date "2024.02.13"]
[Round "2"]
[White "LiamPutnam2008"]
[Black "GM4life"]
[Result "1-0"]
[WhiteElo "2839"]
[BlackElo "2543"]
[TimeControl "180+1"]
[EndTime "14:17:00 PST"]
[Termination "LiamPutnam2008 won by checkmate"]

1. d4 Nf6 2. c4 g6 3. Nc3 Bg7 4. e4 d6 5. f3 O-O 6. Nge2 Nbd7 7. Ng3 h5 8. Bg5 Nh7 9. Be3 a6 10. Qd2 h4 11. Nge2 c5 12. Bh6 cxd4 13. Bxg7 Kxg7 14.
Nxd4 Nhf6 15. Be2 Qb6 16. O-O-O Ne5 17. Kb1 Be6 18. f4 Nc6 19. Nxe6+ fxe6 20. f5 Ne5 21. Rhf1 Rac8 22. Qg5 exf5 23. exf5 Qc5 24. fxg6 Nxc4 25.
Qxh4 Nxb2 26. Rxf6 Qxc3 27. Rf7+ Rxf7 28. Qh7+ Kf6 29. Qxf7+ Kg5 30. h4+ Kxh4 31. Qf4# 1-0

[Event "Late-Titled-Tuesday-Blitz-February-13-2024"]
[Site "Chess.com"]
[Date "2024.02.13"]
[Round "2"]
[White "temus_galaktionov"]
[Black "YellowJacek"]
[Result "1-0"]
[WhiteElo "2895"]
[BlackElo "2394"]
[TimeControl "180+1"]
[EndTime "14:17:02 PST"]
[Termination "temus_galaktionov won by resignation"]

1. d4 d5 2. Nf3 Nf6 3. c4 c6 4. Qb3 dxc4 5. Qxc4 Bf5 6. Nc3 e6 7.
g3 Be7 8. Bg2 Ne4 9. Ne5 Nxc3 10. bxc3 Nd7 11. Nxd7 Qxd7 12. O-O O-O 13. a4 Rac8 14. e4 Bg6 15. Be3 b6 16. Rfd1 Rfd8 17. h3 Qb7 18. Rd2 c5 19. d5 exd5 20. exd5 Bd6 21.
Re1 Re8 22. Rde2 Qc7 23. Bd2 Kf8 24. Qb5 Rxe2 25. Rxe2 h6 26. Bf3 f6 27. Bg4 Re8 28. Be6 Re7 29. f4 Be8 30. Qc4 g5 31. fxg5 hxg5 32.
g4 Kg7 33. Kg2 Bg6 34. Rf2 Re8 35. Qe2 Be5 36. c4 Qd6 37. Qf3 Rxe6 38. dxe6 Qxe6 39.
Bc3 Bxc3 40. Qxc3 Be4+ 41. Kg1 Qd6 42. Re2 Ba8 43. Qe3 Kh6 44. Kf2 Qh2+ 45. Ke1 Qh1+ 46. Kd2 Qb1 47. Qc3 Qf1 48. Qe3 Bf3 49. Re1 Qg2+ 50.
Kc3 Bc6 51. Re2 Qf1 52. Kb2 Bxa4 53. Rf2 Qd1 54. Rxf6+ Kg7 55. Qxg5+ 1-0

[Event "Late-Titled-Tuesday-Blitz-February-13-2024"]
[Site "Chess.com"]
[Date "2024.02.13"]
[Round "2"]
[White "kikoveiga"]
[Black "FM_Kappeler"]
[Result "1-0"]
[WhiteElo "2510"]
[BlackElo "2261"]
[TimeControl "180+1"]
[EndTime "14:17:02 PST"]
[Termination "kikoveiga won on time"]

1. c4 e6 2. d4 Nf6 3. Nc3 Bb4 4. e3 O-O 5. Bd3 d5 6. Ne2 dxc4 7. Bxc4 c5 8. dxc5 Qxd1+ 9. Kxd1 Bxc5 10. a3 b6 11. b4 Be7 12. Bb2 Bb7 13. f3 Rd8+ 14. Kc2 Nbd7 15. Rad1 Rac8 16. Bb3 Ne5 17. Rxd8+ Bxd8 18.
Rd1 Be7 19. Kb1 Nc4 20. Bc1 a5 21. Rd4 axb4 22. Rxc4 Rxc4 23. Bxc4 bxc3 24. Nxc3 Bd6 25. h3 h5 26. Kc2 h4 27. Nb5 Bc5 28. Kd3 Nd7 29. Bb2 Bc6 30. a4 Bb4 31. Bd4 Nc5+ 32. Kc2 Ba5 33. Bb3 Nxb3 34. Kxb3 f6 35. e4 Kf7 36. Nd6+ Ke7 37. Nc4 e5 38. Bxb6 Be1 39.
a5 Bb5 40. Be3 Bxc4+ 41. Kxc4 Bxa5 42. Bf2 g5 43. Kd5 Bb4 44. Bc5+ Bxc5 45. Kxc5 Ke6 46. Kc6 Ke7 47. Kc7 Ke6 48. Kd8 1-0

[Event "Late-Titled-Tuesday-Blitz-February-13-2024"]
[Site "Chess.com"]
[Date "2024.02.13"]
[Round "2"]
[White "Nf3c5"]
[Black "lucliasco"]
[Result "0-1"]
[WhiteElo "2543"]
[BlackElo "2838"]
[TimeControl "180+1"]
[EndTime "14:17:04 PST"]
[Termination "lucliasco won by resignation"]

1. d4 d5 2. Nf3 Nc6 3. c4 Bg4 4. cxd5 Bxf3 5. gxf3 Qxd5 6. e3 e5 7. Nc3 Bb4 8. Bd2 Bxc3 9. bxc3 Nf6 10. Rb1 O-O 11. c4 Qd6 12. d5 Ne7 13. Bb4 Qd7 14. Rg1 Rfe8 15. Rg3 Ng6 16. Bh3 Qd8 17. Bf5 c6 18. d6 b6 19. d7 Re6 20. Bxe6 fxe6 21. Qd6 Qxd7 22. Qxd7 Nxd7 23. Rd1 Nf6 24. Bd6 c5 25. Ke2 Kf7 26. Rd2 e4 27. f4 Nh4 28.
Be5 Nf5 29. Rg1 Rc8 30. Bxf6 Kxf6 31. a4 Ke7 32. Rgd1 Rc7 33. Rd8 Nd4+ 34. R1xd4 cxd4 35.
Rxd4 Rc5 36. Rxe4 g6 37. Kd3 Ra5 38. c5 Rxc5 39. Rc4 Rxc4 40. Kxc4 a6 41. e4 Kd6 42.
h4 Kc6 43. f3 b5+ 44. axb5+ axb5+ 45. Kb4 Kb6 46. h5 gxh5 47. f5 exf5 48. exf5 Kc6 49. f6 Kd6 50. Kxb5 h4 0-1

[Event "Late-Titled-Tuesday-Blitz-February-13-2024"]
[Site "Chess.com"]
[Date "2024.02.13"]
[Round "2"]
[White "Zavgorodniy_Sergiy"]
[Black "Chempiblinka"]
[Result "1-0"]
[WhiteElo "2661"]
[BlackElo "2361"]
[TimeControl "180+1"]
[EndTime "14:17:04 PST"]
[Termination "Zavgorodniy_Sergiy won on time"]

1. d4 Nf6 2. c4 g6 3. Nc3 Bg7 4. e4 d6 5. Be2 O-O 6. Nf3 Bg4 7. Ng1 Bxe2 8. Ngxe2 c5 9. d5 Na6 10. O-O Nc7 11.
a4 b6 12. Rb1 a6 13. b3 b5 14. axb5 axb5 15. Qd3 bxc4 16. bxc4 Na6 17. h3 Nb4 18.
Qd1 Nd7 19. f4 Qa5 20. Bd2 Qa6 21. Nb5 Rfc8 22. Kh1 Nb6 23. Rc1 Nxc4 24. Rxc4 Qxb5 25. Qb3 Rcb8 26. Rb1 Qa4 27. Bxb4 Qxb3 28. Rxb3 Ra1+ 29. Kh2 Ra4 30. Be1 Rxb3 31. Rxa4 Re3 32. Ra2 c4 33. Bh4 Rxe4 34. Kg1 Bh6 35. Kf2 f5 36. Kf3 Kf7 37. Ra7 Bg7 38. Rc7 h6 39. Ng3 Re1 40. Nxf5 Rf1+ 41.
Ke2 1-0

[Event "Late-Titled-Tuesday-Blitz-February-13-2024"]
[Site "Chess.com"]
[Date "2024.02.13"]
[Round "2"]
[White "FredddieCroderg"]
[Black "Ykow"]
[Result "1/2-1/2"]
[WhiteElo "2273"]
[BlackElo "2504"]
[TimeControl "180+1"]
[EndTime "14:17:04 PST"]
[Termination "Game drawn - insufficient material"]

1. e4 c5 2. Bc4 e6 3. Qf3 Nc6 4. d3 Ne5 5. Qg3 Nxc4 6. dxc4 Nf6 7. Nc3 d6 8. Bg5 Qa5 9. O-O-O Bd7 10. f4 h6 11. Bh4 g5 12. fxg5 hxg5 13. Bxg5 Rg8 14.
Nf3 Nh7 15. h4 Qa6 16. e5 Qxc4 17. exd6 f6 18. Qf4 Qxf4+ 19. Bxf4 Rxg2 20. Rhg1 Rxg1 21. Rxg1 Bc6 22. Nd2 e5 23. Be3 Bxd6 24. Nde4 Be7 25.
Rg7 Nf8 26. Bxc5 Bxc5 27. Nxc5 O-O-O 28. h5 b6 29. Na6 Ne6 30. Rxa7 Rh8 31. a4 Rxh5 32.
Nb5 Bxb5 33. axb5 e4 34. Re7 Re5 35. Nb4 Nd4 36. Rxe5 fxe5 37. Nc6 Nxc6 38. bxc6 Kc7 39. Kd2 Kxc6 40. Ke3 Kd5 41. b3 Kc5 42. Kxe4 Kd6 43. c3 Ke6 44. c4 Kd6 45. Kf5 Kc5 46. Kxe5 Kb4 47. Kd5 Kxb3 48. c5 bxc5 49. Kxc5 1/2-1/2

[Event "Late-Titled-Tuesday-Blitz-February-13-2024"]
[Site "Chess.com"]
[Date "2024.02.13"]
[Round "2"]
[White "HansOnTwitch"]
[Black "tdf98pantani"]
[Result "1-0"]
[WhiteElo "3158"]
[BlackElo "2685"]
[TimeControl "180+1"]
[EndTime "14:17:05 PST"]
[Termination "HansOnTwitch won by resignation"]

1. e4 e5 2. Nf3 Nc6 3. Bc4 Bc5 4. d3 d6 5. O-O Nf6 6. c3 Bb6 7. Re1 h6 8. Nbd2 Ne7 9. a4 a5 10. d4 Ng6 11. h3 O-O 12. Bf1 c6 13. Nc4 Bc7 14.
dxe5 dxe5 15. Qc2 Be6 16. Be3 b5 17. Red1 Qe7 18. Na3 b4 19. cxb4 axb4 20. Nc4 Nd7 21. b3 f5 22. Rac1 f4 23. Bd2 Nh4 24. Nxh4 Qxh4 25.
Nb2 Bb6 26. Bxb4 Rf6 27. Be7 Bxh3 28. Bxf6 Nxf6 29. gxh3 Nxe4 30. Nd3 Bd4 31. Qxc6 Bxf2+ 32. Kh1 f3 33. Qe6+ Kh8 34. Qg4 Qf6 35. Qxe4 1-0

[Event "Late-Titled-Tuesday-Blitz-February-13-2024"]
[Site "Chess.com"]
[Date "2024.02.13"]
[Round "2"]
[White "Bigfish1995"]
[Black "GaiozNigalidze"]
[Result "1-0"]
[WhiteElo "3180"]
[BlackElo "2686"]
[TimeControl "180+1"]
[EndTime "14:17:06 PST"]
[Termination "Bigfish1995 won by resignation"]

1. e4 c5 2. Nf3 d6 3. Bb5+ Bd7 4. a4 Nf6 5. d3 a6 6. Bc4 Nc6 7. O-O e6 8. Re1 Be7 9. c3 O-O 10. h3 Na5 11. Ba2 b5 12. e5 dxe5 13. Nxe5 Be8 14.
Qf3 bxa4 15. Nd2 Rb8 16. Ndc4 Nb3 17. Bxb3 Rxb3 18. Nc6 Bxc6 19. Qxc6 Qxd3 20. Rxa4 Rbb8 21. Bf4 Ra8 22. Qb7 Qd7 23. Qxd7 Nxd7 24. Rea1 Nf6 25.
Kf1 Nd5 26. Bg3 Rfd8 27. Ke2 f6 28. Rxa6 Rxa6 29. Rxa6 Kf7 30. f4 Rd7 31. Kf3 Rb7 32.
Bf2 Rc7 33. g4 g6 34. Ke4 Bf8 35. f5 gxf5+ 36. gxf5 Re7 37. Bxc5 Re8 38. fxe6+ Rxe6+ 39. Rxe6 Kxe6 40. Bxf8 f5+ 41. Kf3 1-0

[Event "Late-Titled-Tuesday-Blitz-February-13-2024"]
[Site "Chess.com"]
[Date "2024.02.13"]
[Round "2"]
[White "protectiago"]
[Black "Eloist"]
[Result "0-1"]
[WhiteElo "2115"]
[BlackElo "2446"]
[TimeControl "180+1"]
[EndTime "14:17:07 PST"]
[Termination "Eloist won by resignation"]

1. d4 e6 2. c4 Nf6 3. g3 d5 4. Nf3 c5 5. Bg2 cxd4 6. O-O Bc5 7.
b4 Bxb4 8. Qa4+ Nc6 9. Nxd4 Qa5 10. Qxa5 Nxa5 11. cxd5 Nxd5 12. Ba3 Bxa3 13. Nxa3 O-O 14. Nab5 Bd7 15. Rfd1 Rfd8 16. Bxd5 exd5 17. Nc7 Rac8 18. Nxd5 Kf8 19. Rab1 Ba4 20. Nb3 Nxb3 21. axb3 Bc6 22. Ne3 Be4 23. Rbc1 Ke7 24. f3 Rxc1 25. Rxc1 Bc6 26. Kf2 Rd2 27. Rc2 Rxc2 28. Nxc2 a5 29. Nd4 Bd7 30. e4 Kd6 31. Ke3 Kc5 32. Kd3 Kb4 33.
Kc2 b5 34. Kb2 a4 35. bxa4 bxa4 36. Nc2+ Kc4 37. Ne1 Kd4 38. Kc2 Ke3 39. h4 Kf2 40. g4 Kxe1 0-1

[Event "Late-Titled-Tuesday-Blitz-February-13-2024"]
[Site "Chess.com"]
[Date "2024.02.13"]
[Round "2"]
[White "sergiochess83"]
[Black "tgpgoat"]
[Result "1-0"]
[WhiteElo "2853"]
[BlackElo "2553"]
[TimeControl "180+1"]
[EndTime "14:17:08 PST"]
[Termination "sergiochess83 won by resignation"]

1. d4 Nf6 2. c4 e6 3. g3 d5 4. Bg2 Be7 5. Nf3 O-O 6. Qc2 b6 7. cxd5 exd5 8. O-O Bb7 9. Nc3 c5 10. Bg5 Nc6 11. Rad1 cxd4 12. Nxd4 Nxd4 13. Rxd4 Rc8 14. Qb3 h6 15. Bf4 Bc5 16. Rdd1 Qe7 17. h4 d4 18. Bxb7 Qxb7 19. Nb5 Rfd8 20. Be5 a6 21.
Bxf6 axb5 22. Bxd8 Rxd8 23. Qxb5 Qe4 24. b4 Bd6 25. Qxb6 Rd7 26. Qxd4 Qg6 27. Qd3 Qf6 28. Qf3 Qb2 29. Qc6 Rc7 30. Qxd6 1-0

[Event "Late-Titled-Tuesday-Blitz-February-13-2024"]
[Site "Chess.com"]
[Date "2024.02.13"]
[Round "2"]
[White "ChessSkool"]
[Black "Dubs123"]
[Result "1-0"]
[WhiteElo "2717"]
[BlackElo "2331"]
[TimeControl "180+1"]
[EndTime "14:17:10 PST"]
[Termination "ChessSkool won on time"]

1. d4 Nf6 2. Nf3 e6 3. Bf4 Be7 4. e3 O-O 5. h3 b6 6. a4 Bb7 7.
Be2 d6 8. O-O Nbd7 9. a5 c5 10.
a6 Bc6 11. c4 Qc7 12. Nc3 cxd4 13. exd4 e5 14. Bh2 Rac8 15. d5 Ba8 16. Nb5 Qb8 17.
b4 Rfd8 18. Ra3 e4 19. Nfd4 Ne5 20. Qb3 g6 21. Rd1 Bf8 22. Qa2 Rd7 23. Bf4 Re8 24. Re3 Nh5 25. Bxh5 gxh5 26. Bxe5 Rxe5 27. Nc6 Bxc6 28. dxc6 Rde7 29. Nxd6 R7e6 30. Rg3+ Bg7 31.
Nb7 Re8 32. Rd7 R5e7 33. Qd2 Qe5 34. h4 Qa1+ 35. Kh2 1-0

[Event "Late-Titled-Tuesday-Blitz-February-13-2024"]
[Site "Chess.com"]
[Date "2024.02.13"]
[Round "2"]
[White "ChessQueen"]
[Black "nihalsarin"]
[Result "0-1"]
[WhiteElo "2687"]
[BlackElo "3204"]
[TimeControl "180+1"]
[EndTime "14:17:11 PST"]
[Termination "nihalsarin won on time"]

1. e4 c5 2. c3 d5 3. exd5 Qxd5 4. d4 Nc6 5. Nf3 Bf5 6. Be3 cxd4 7. Nxd4 Nf6 8. Nxf5 Qxf5 9. Be2 e6 10. Qb3 O-O-O 11. O-O Bc5 12. Bf3 Bxe3 13. Bxc6 Bb6 14. Bf3 g5 15. a4 g4 16. a5 gxf3 17. axb6 axb6 18.
Qxb6 Qd3 19. Ra8+ Kd7 20. Qxb7+ Kd6 21. Ra6+ Ke5 22. Re1+ Kf5 23. Ra5+ Rd5 24. Rxd5+ exd5 25. Qxf7 Re8 26. g4+ Kxg4 27. Rf1 Kh3 0-1

[Event "Late-Titled-Tuesday-Blitz-February-13-2024"]
[Site "Chess.com"]
[Date "2024.02.13"]
[Round "2"]
[White "laziestwin"]
[Black "kuli4ik"]
[Result "0-1"]
[WhiteElo "2570"]
[BlackElo "2875"]
[TimeControl "180+1"]
[EndTime "14:17:11 PST"]
[Termination "kuli4ik won on time"]

1. d4 g6 2. e4 Bg7 3. Nc3 d6 4.
g3 Nf6 5. Bg2 O-O 6. Nge2 e5 7.
O-O exd4 8. Nxd4 Re8 9. h3 Nc6 10. Be3 Bd7 11. Qd2 Nxd4 12. Bxd4 c5 13. Be3 Bc6 14. Rfe1 Re6 15. Rad1 Qe8 16. Nd5 Nxe4 17. Bxe4 Rxe4 18. Nc7 Qd7 19. f3 Rxe3 20. Nxa8 Rxe1+ 21. Qxe1 Qd8 22. c3 Bf8 23. Qe3 Qxa8 24. Qf4 Qe8 25. Kf2 Qe6 26. h4 Qxa2 27. Rd2 Qb1 28. h5 Qh1 29. Ke3 Qxh5 30. g4 Qh1 31. Rh2 Qc1+ 0-1

[Event "Late-Titled-Tuesday-Blitz-February-13-2024"]
[Site "Chess.com"]
[Date "2024.02.13"]
[Round "2"]
[White "Bryanl106"]
[Black "grzechu96"]
[Result "0-1"]
[WhiteElo "2521"]
[BlackElo "2762"]
[TimeControl "180+1"]
[EndTime "14:17:11 PST"]
[Termination "grzechu96 won by checkmate"]

1. e4 c5 2. Nf3 d6 3. d4 cxd4 4. Nxd4 Nf6 5. Nc3 a6 6. h3 e6 7. g4 h6 8. Bg2 Be7 9. O-O O-O 10. Be3 Nc6 11. f4 Nd7 12. Nb3 b5 13. Qe2 Bb7 14.
Rad1 b4 15. Nb1 e5 16. N1d2 a5 17. Nc4 Ba6 18. Nbd2 exf4 19. Bxf4 Nde5 20. b3 Bg5 21. Qf2 Bxf4 22. Qxf4 Qe7 23. Nb6 Bxf1 24. Rxf1 Qa7 25. Qf2 Rab8 26. Nd5 Qxf2+ 27. Kxf2 Nd4 28. Rc1 Rfe8 29.
Ke3 Ne6 30. Nf3 Kf8 31. c4 bxc3 32. Nxc3 Rec8 33. Bf1 Nxf3 34. Kxf3 Nd8 35. Bc4 Nc6 36. Ke3 Ne5 37. Bd5 Rc5 38. Kd4 Ke7 39. Rf1 Rb4+ 40. Bc4 Rcxc4+ 41. bxc4 Rxc4+ 42. Kd5 Rxc3 43. Rd1 Rxh3 44. a4 Rd3+ 45. Rxd3 Nxd3 46. Kc4 Nc5 47.
e5 Nxa4 48. Kb5 Nc3+ 49. Kxa5 dxe5 50. Kb4 Ne4 51. Kc4 Nf6 52. g5 hxg5 53. Kc5 Ke6 54. Kc4 Kf5 55. Kd3 Kf4 56. Ke2 e4 57. Kf2 g4 58. Kf1 Nd5 59. Kg1 f5 60. Kh1 g5 61.
Kh2 Ke3 62. Kg2 Kf4 63. Kg1 e3 64. Kh1 e2 65. Kh2 e1=Q 66. Kg2 Qd2+ 67. Kf1 Kg3 68. Kg1 Qd1# 0-1

[Event "Late-Titled-Tuesday-Blitz-February-13-2024"]
[Site "Chess.com"]
[Date "2024.02.13"]
[Round "2"]
[White "Heinza9"]
[Black "Kotlyar_K"]
[Result "0-1"]
[WhiteElo "2273"]
[BlackElo "2514"]
[TimeControl "180+1"]
[EndTime "14:17:11 PST"]
[Termination "Kotlyar_K won on time"]

1. e4 c6 2. d4 d5 3. exd5 cxd5 4. c4 Nf6 5. Nc3 e6 6. Nf3 Bb4 7. cxd5 Nxd5 8. Bd2 Nc6 9. Bd3 O-O 10. O-O Bd6 11.
Qe2 Nce7 12. Rad1 b6 13. Ne5 Bb7 14. Be4 f6 15. Nf3 Qd7 16. Rfe1 Rae8 17. h3 Ng6 18.
Bxg6 hxg6 19. a3 Bb8 20. Ne4 g5 21. b4 Bc6 22. Rc1 Bb5 23. Qd1 Nf4 24. Bxf4 Bxf4 25. Rc3 Bc6 26. g3 Bb8 27. Qd2 Bd5 28. Nh2 Qb7 29.
Rce3 Qf7 30. Nc3 Bb7 31. Ng4 Qh5 32. Kh2 f5 33. Ne5 f4 34. R3e2 fxg3+ 35. fxg3 Bxe5 0-1

[Event "Late-Titled-Tuesday-Blitz-February-13-2024"]
[Site "Chess.com"]
[Date "2024.02.13"]
[Round "2"]
[White "jefferyx"]
[Black "MKlose11"]
[Result "1-0"]
[WhiteElo "3031"]
[BlackElo "2652"]
[TimeControl "180+1"]
[EndTime "14:17:12 PST"]
[Termination "jefferyx won by checkmate"]

1. e4 e6 2. d4 d5 3. e5 c5 4.
c3 Qb6 5. Nf3 Bd7 6. Bd3 Bb5 7.
dxc5 Bxc5 8. b4 Bf8 9. Be3 Qa6 10. Bxb5+ Qxb5 11. Na3 Qa6 12. Qb3 Nh6 13. Bxh6 gxh6 14. Nc2 Qd3 15. Rd1 Qe4+ 16. Ne3 Nd7 17. Rd4 Qg6 18.
c4 dxc4 19. Nxc4 Be7 20. O-O Nb6 21. Nxb6 axb6 22. Qc4 Rg8 23. g3 Kf8 24. Rd7 Qf5 25. Kg2 h5 26. Re1 h4 27. Nxh4 Bxh4 28. Qxh4 Rg4 29. Qh6+ Kg8 30. Red1 Qg5 31. Qxg5+ Rxg5 32. f4 Rxa2+ 33. Kf3 Rh5 34. h4 Rh6 35. Rxb7 Ra3+ 36. Ke4 Rxg3 37. Rd8+ Kg7 38. Rdd7 Rb3 39. Rxf7+ Kg6 40.
Rf6+ Kh5 41. Rxh6+ Kxh6 42. Rxb6 Kh5 43. Rxe6 Rxb4+ 44.
Kf5 h6 45. Rd6 Rxf4+ 46. Kxf4 Kxh4 47. Rxh6# 1-0